 Dungeon Crawl Stone Soup version 0.31-a0-267-g3fc6992b3b (webtiles) character file.

Game seed: 5794218528076802455

447 qw the Shooter (level 7, -1/41 HPs)
             Began as a Gargoyle Hexslinger on July 13, 2023.
             Slain by Edmund
             ... wielding a +1 flail of protection
              (4 damage)
             ... on level 4 of the Dungeon.
             The game lasted 00:01:12 (2946 turns).

qw the Shooter (Gargoyle Hexslinger)                Turns: 2946, Time: 00:01:13

Health: -1/41      AC: 11    Str:  9 (11) XL:     7   Next: 3%
Magic:  0/8        EV: 16    Int: 14      God:
Gold:   129        SH:  0    Dex: 11 (14) Spells: 7/8 levels left

rFire   . . .        Y - +2 sling
rCold   + . .        (no shield)
rNeg    + . .        i - +1 leather armour {rC+}
rPois   inf          h - +0 helmet
rElec   +            (no cloak)
rCorr   +            (no gloves)
SInv    .            l - +0 pair of boots
Will    .....        f - amulet of guardian spirit
Stlth   +            d - +5 ring of evasion
HPRegen 0.26/turn    k - ring of resist corrosion
MPRegen 0.11/turn

%: guardian spirit
@: no status effects
A: sickness immunity, AC +4, negative energy resistance 1, electricity
resistance, torment resistance 1, petrification resistance
a: no special abilities


You were on level 4 of the Dungeon.
You visited 1 branch of the dungeon, and saw 4 of its levels.

You collected 234 gold pieces.
You spent 105 gold pieces at shops.


Innate Abilities, Weirdness & Mutations

You are immune to sickness and miasma.
Your stone body is resilient. (AC +4)
You are immune to poison.
You resist negative energy. (rN+)
You are resistant to electric shocks. (rElec)
You are resistant to unholy torment.
You are immune to petrification.


   Skills:
 - Level 3.4 Fighting
 + Level 5.8 Ranged Weapons
 - Level 3.1 Armour
 - Level 1.5 Dodging
 - Level 1.0 Spellcasting
 - Level 2.6 Hexes


You had 7 spell levels left.
You knew the following spells:

 Your Spells              Type           Power      Damage    Failure   Level
a - Slow                  Hex            32%        N/A       12%         1

Your spell library contained the following spells:

 Spells                   Type           Power      Damage    Failure   Level
 Inner Flame              Hex/Fire       4%         N/A       52%         3
 Portal Projectile        Hex/Tloc       8%         N/A       52%         3
 Cause Fear               Hex            4%         N/A       75%         4

Inventory:

Hand Weapons
 Y - a +2 sling (weapon)
Armour
 h - a +0 helmet (worn)
 i - a +1 leather armour of cold resistance (worn)
 l - a +0 pair of boots (worn)
 o - the +1 ring mail of Gravitas {Harm Int+4 Dex-4 SInv}
   (You found it on level 4 of the Dungeon)

   Int:       It affects your intelligence (+4).
   Dex:       It affects your dexterity (-4).
   SInv:      It lets you see invisible.
   Harm:      It increases damage dealt and taken.
Jewellery
 d - a +5 ring of evasion (left hand)
 f - an amulet of guardian spirit (around neck)
 k - a ring of resist corrosion (right hand)
Scrolls
 n - a scroll of identify
 p - a scroll of vulnerability {unknown}
 q - a scroll of revelation {unknown}
Potions
 a - a potion of brilliance {unknown}
 b - a potion of resistance {unknown}
 c - a potion of ambrosia {unknown}
 e - a potion of magic {unknown}
 g - a potion of enlightenment {unknown}
 j - a potion of berserk rage {unknown}
 m - a potion of heal wounds {unknown}

Dungeon Overview and Level Annotations

Branches:
Dungeon (4/15)
 Temple: D:4-7

Altars:
Uskayaw

Shops:
D:2 [

Annotations:
D:4 Edmund


Message History

Edmund is heavily wounded.
Edmund hits you but does no damage.
You shoot a sling bullet.
The sling bullet hits Edmund but does no damage.
Edmund is heavily wounded.
Edmund hits you but does no damage.
You shoot a sling bullet.
The sling bullet hits Edmund but does no damage.
Edmund is heavily wounded.
Edmund hits you but does no damage.
You shoot a sling bullet. The sling bullet closely misses Edmund.
Edmund barely misses you.
You shoot a sling bullet. The sling bullet hits Edmund.
Edmund is severely wounded.
Edmund misses you.
You shoot a sling bullet.
The sling bullet hits Edmund but does no damage.
Edmund is severely wounded.
Edmund hits you with a +1 flail of protection!
You shoot a sling bullet. The sling bullet hits Edmund.
Edmund is severely wounded.
Edmund hits you with a +1 flail of protection.
Edmund misses you.
You shoot a sling bullet. The sling bullet hits Edmund.
Edmund is severely wounded.
Edmund hits you with a +1 flail of protection.
You shoot a sling bullet. The sling bullet closely misses Edmund.
Edmund barely misses you.
You shoot a sling bullet.
The sling bullet hits Edmund but does no damage.
Edmund is severely wounded.
Edmund hits you but does no damage.
You shoot a sling bullet.
The sling bullet hits Edmund but does no damage.
Edmund is severely wounded.
Edmund closely misses you.
You shoot a sling bullet. The sling bullet hits Edmund!
Edmund is almost dead.
Edmund hits you with a +1 flail of protection.
You die...

# ####. #
.....# #.##
#...####.....
#.@@......
##.###....
#.# . ##>#
#.###.##
#.....# ...
#.###.# #.#
#.# #.# #)#
#.#
#.#######.#


You could see Edmund.

Vanquished Creatures
  Eustachio (D:4)
  Menkaure (D:4)
  An ogre (D:4)
  A hound (D:4)
  An adder (D:3)
  4 dart slugs
  5 orcs
  5 ball pythons
  A bat (D:2)
  6 endoplasms
  A giant cockroach (D:3)
  4 goblins
  2 hobgoblins (D:3)
  7 jackals
  4 kobolds
  2 quokkas
  2 frilled lizards
48 creatures vanquished.

Notes
Turn   | Place    | Note
-------+----------+-------------------------------------------
     0 | D:1      | qw the Gargoyle Hexslinger began the quest for the Orb.
     0 | D:1      | Reached XP level 1. HP: 12/12 MP: 2/2
     0 | D:1      | 0 ||| qw: Version: 0.3-a-52-g30416fa
     0 | D:1      | 0 ||| qw: Game counter: 7724
     0 | D:1      | 0 ||| qw: Melee chars always use a shield: true
     0 | D:1      | 0 ||| qw: God list: Okawaru
     0 | D:1      | 0 ||| qw: Allow faded altars: false
     0 | D:1      | 0 ||| qw: Do Orc after clearing Dungeon:15 true
     0 | D:1      | 0 ||| qw: Do second Lair branch before Depths: true
     0 | D:1      | 0 ||| qw: Lair rune preference: random
     0 | D:1      | 0 ||| qw: Goals: Normal
     0 | D:1      | 0 ||| PLANNING D:1-11
   298 | D:1      | Reached XP level 2. HP: 13/16 MP: 3/3
   417 | D:1      | Reached skill level 3 in Ranged Weapons
   691 | D:1      | 691 ||| UPGRADING to amulet of guardian spirit.
   696 | D:1      | 696 ||| UPGRADING to +5 ring of evasion.
   697 | D:1      | 697 ||| UPGRADING to ring of resist corrosion.
   698 | D:1      | 698 ||| READING scroll labelled XOHULUOTRU.
   699 | D:1      | 699 ||| READING scroll labelled PIAXEV NUOPI.
   704 | D:1      | 704 ||| READING scroll labelled LYRANWU VOIZOD.
   705 | D:1      | 705 ||| DROPPING scroll of poison.
   849 | D:2      | Reached XP level 3. HP: 21/21 MP: 2/4
  1183 | D:2      | Found Yroryann's Antique Armour Boutique.
  1189 | D:2      | 1189 ||| BUYING glowing leather armour (105 gold).
  1189 | D:2      | Bought a glowing leather armour for 105 gold pieces
  1189 | D:2      | 1189 ||| SHOPLISTING pair of gloves (94 gold, have 56).
  1189 | D:2      | 1189 ||| SHOPLISTING runed robe (77 gold, have 56).
  1189 | D:2      | 1189 ||| SHOPLISTING shimmering robe (119 gold, have 56).
  1373 | D:2      | 1373 ||| UPGRADING to +0 leather armour.
  1383 | D:2      | 1383 ||| DROPPING +0 robe.
  1384 | D:2      | 1384 ||| UPGRADING to +1 leather armour of cold resistance.
  1394 | D:2      | 1394 ||| DROPPING +0 leather armour.
  1395 | D:2      | 1395 ||| UPGRADING to +0 pair of boots.
  1712 | D:3      | Reached XP level 4. HP: 26/26 MP: 5/5
  1756 | D:3      | Found a hide-covered altar of Uskayaw.
  1771 | D:3      | Reached skill level 4 in Ranged Weapons
  2018 | D:3      | 2018 ||| UPGRADING to +0 helmet.
  2023 | D:3      | 2023 ||| READING scroll labelled GEDYDE PAUKHLE.
  2058 | D:4      | Noticed Eustachio
  2090 | D:4      | HP: 6/26 [Eustachio/+0 rapier of draining (4)]
  2091 | D:4      | 2091 ||| READING scroll of teleportation.
  2257 | D:4      | Noticed Menkaure
  2267 | D:4      | Killed Menkaure
  2268 | D:4      | Reached skill level 5 in Ranged Weapons
  2268 | D:4      | Reached XP level 5. HP: 23/30 MP: 4/6
  2268 | D:4      | Reached XP level 6. HP: 27/35 MP: 4/7
  2312 | D:4      | HP: 8/35 [ogre/+0 giant spiked club (16)]
  2314 | D:4      | Reached skill level 3 in Fighting
  2324 | D:4      | 2324 ||| FLEEEEING.
  2325 | D:4      | 2325 ||| FLEEEEING.
  2386 | D:4      | 2386 ||| FLEEEEING.
  2387 | D:4      | 2387 ||| FLEEEEING.
  2388 | D:4      | 2388 ||| FLEEEEING.
  2389 | D:4      | 2389 ||| FLEEEEING.
  2396 | D:4      | 2396 ||| STAIRDANCE
  2420 | D:3      | 2420 ||| DRINKING 3 yellow potions.
  2421 | D:3      | 2421 ||| DROPPING 2 potions of degeneration.
  2485 | D:4      | HP: 8/37 [quokka[Eustachio] (3)]
  2488 | D:4      | HP: 3/37 [Eustachio/+0 rapier of draining (3)]
  2489 | D:4      | Killed Eustachio
  2490 | D:4      | Reached skill level 3 in Armour
  2490 | D:4      | Reached XP level 7. HP: 4/41 MP: 1/8
  2760 | D:4      | Identified the +1 ring mail of Gravitas {Harm Int+4 Dex-4
                  | SInv}
  2897 | D:4      | Noticed Edmund
  2940 | D:4      | HP: 6/41 [Edmund/+1 flail of protection (8)]
  2942 | D:4      | HP: 1/41 [Edmund/+1 flail of protection (3)]
  2946 | D:4      | Slain by Edmund

Levels and vault maps discovered:
D:1:      dpeg_arrival_rooms_c, layout_loops_cross
D:2:      layout_basic, serial_shops, shop
D:3:      layout_loops_ring, eat_drink_and_be_merry_uskayaw
D:4:      layout_loops_ring, uniq_menkaure, uniq_eustachio, uniq_edmund

Skill      XL: |  1  2  3  4  5  6 |
---------------+-------------------+-----
Ranged Weapons | 3 5 |  5.8
Fighting       | 2 3 |  3.4
Armour         | 3 |  3.1
Dodging        | |  1.5
Spellcasting   | |  1.0
Hexes          | |  2.6

Action                     |  1- 3 |  4- 6 |  7- 9 || total
---------------------------+-------+-------+-------++-------
   Fire: Sling             |   105 |   142 |    48 ||   295
    Use: Scroll            |     3 |     2 |       ||     5
         Potion            |       |     1 |       ||     1
 Armour: Robe              |    11 |       |       ||    11
         Leather armour    |     1 |    58 |     8 ||    67
  Dodge: Dodged            |    49 |   196 |    28 ||   273

Table legend:
 A = Non-vault XP
 B = Vault XP
 C = Vault XP percentage of total XP
 D = Non-vault monster count
 E = Vault monster count
 F = Vault count percentage of total count
                 A         B        C        D         E       F
            +---------+---------+-------+---------+---------+-------
      Total |     271 |     368 |  57.6 |      46 |       2 |   4.2
            +---------+---------+-------+---------+---------+-------
        D:1 |      23 |       0 |   0.0 |      10 |       0 |   0.0
        D:2 |      35 |       0 |   0.0 |      15 |       0 |   0.0
        D:3 |      43 |       0 |   0.0 |      16 |       0 |   0.0
        D:4 |     170 |     368 |  68.4 |       5 |       2 |  28.6
            +---------+---------+-------+---------+---------+-------
